 Dungeon Crawl Stone Soup version 0.22-a0-196-gee22f2738c (webtiles) character file.

2727 RedPan the Shield-Bearer (level 9, 0/57 HPs)
             Began as an Octopode Wizard on Feb 17, 2018.
             Was a Believer of Nemelex Xobeh.
             Slain by a hornet (6 damage)
             ... on level 8 of the Dungeon.
             The game lasted 00:31:40 (12757 turns).

RedPan the Shield-Bearer (Octopode Wizard)         Turns: 12757, Time: 00:31:41

Health: 0/57       AC:  4    Str:  6    XL:     9   Next: 67%
Magic:  18/18      EV: 13    Int: 23    God:    Nemelex Xobeh [**....]
Gold:   367        SH:  0    Dex: 13    Spells: 9/20 levels left

rFire    . . .     SeeInvis .   b - staff of wizardry
rCold    . . .     Gourm    +   g - +0 shield
rNeg     . . .     Faith    .   n - +0 hat
rPois    .         Spirit   .   x - amulet of the gourmand
rElec    .         Reflect  .   f - +3 ring of protection
rCorr    .         Harm     .   m - +2 ring of intelligence
MR       .....                  (no ring)
Stlth    ++........             (no ring)
HPRegen  0.19/turn              (no ring)
MPRegen  0.16/turn              (no ring)
                                (no ring)
                                (no ring)

@: confused, about to teleport
A: almost no armour, stealthy swim, amphibious, 8 rings, constrict 8, camouflage
1, gelatinous body 1
a: Renounce Religion


You were on level 8 of the Dungeon.
You worshipped Nemelex Xobeh.
Nemelex Xobeh was pleased with you.
You were not hungry.

You visited 2 branches of the dungeon, and saw 9 of its levels.

You collected 367 gold pieces.

Inventory:

Hand Weapons
 a - a +2 dagger
 k - a +0 whip
Armour
 g - a +0 shield (worn)
 n - a +0 hat (worn)
Magical Staves
 b - an uncursed staff of wizardry (weapon)
Jewellery
 f - a +3 ring of protection (left tentacle)
 m - a +2 ring of intelligence (right tentacle)
 x - an amulet of the gourmand (around mantle)
Wands
 r - a wand of paralysis (2)
 s - a wand of flame (23)
Scrolls
 d - 3 scrolls of teleportation
 l - a scroll of amnesia
 o - a scroll of enchant weapon
 p - a scroll of identify
 v - 2 scrolls of remove curse
 y - a scroll of fog
Potions
 e - a potion of curing
 j - 3 potions of heal wounds
 q - 2 potions of agility
 u - a potion of flight
 z - a potion of invisibility {unknown}
Books
 h - a book of Minor Magic

   Spells                             Type                      Level
   a - Magic Dart                     Conjuration                  1
   b - Blink                          Translocation                2
   c - Call Imp                       Summoning                    2
   d - Slow                           Hexes                        2
   e - Conjure Flame                  Conjuration/Fire             3
   f - Mephitic Cloud                 Conjuration/Poison/Air       3
 i - a book of the Tempests

   Spells                             Type                      Level
   a - Static Discharge               Conjuration/Air              3
   b - Lightning Bolt                 Conjuration/Air              5
   c - Ignition                       Fire                         8
   d - Tornado                        Air                          9
   e - Shatter                        Earth                        9
Miscellaneous
 t - a plain deck of destruction
 A - a plain deck of escape
Comestibles
 c - 7 rations


   Skills:
 + Level 3.3 Fighting
 - Level 4.0 Dodging
 - Level 4.4 Stealth
 * Level 6.4 Shields
 + Level 6.1 Spellcasting
 - Level 4.1 Conjurations
 - Level 2.1 Summonings
 - Level 2.1 Translocations
 - Level 2.1 Fire Magic
 + Level 4.2 Air Magic
 - Level 2.3 Poison Magic


You had 9 spell levels left.
You knew the following spells:

 Your Spells              Type           Power        Failure   Level  Hunger
a - Magic Dart            Conj           ####         1%          1    None
b - Blink                 Tloc           N/A          6%          2    None
c - Call Imp              Summ           ###.....     6%          2    None
d - Mephitic Cloud        Conj/Pois/Air  ###.....     7%          3    #......
e - Conjure Flame         Conj/Fire      ###.....     9%          3    #......


Dungeon Overview and Level Annotations

Branches:
Dungeon (8/15)             Temple (1/1) D:6
   Lair: D:8-11

Altars:
Cheibriados
Dithmenos
Elyvilon
Fedhas
Gozag
Hepliaklqana
Kikubaaqudgha
Makhleb
Nemelex Xobeh
Okawaru
Qazlal
Sif Muna
Trog
Vehumet
Wu Jian
Xom
Yredelemnul
Zin

Shops:
D:4 :

Annotations:
D:7 exclusion: downstairs
D:8 Gastronok


Innate Abilities, Weirdness & Mutations

You cannot wear most types of armour.
You are very stealthy in the water. (Stealth+)
You are amphibious.
You can wear up to eight rings at the same time.
You can use your tentacles to constrict eight enemies at once.
Your skin changes colour to match your surroundings (Stealth+).
Your rubbery body absorbs attacks. (AC +1, EV +1)


Message History

You feel as though you will be slow longer.
You feel better. The hornet barely misses you.
You block the giant cockroach's attack. The hornet misses you.
Okay, then.
As you read the scroll of teleportation, it crumbles to dust.
You feel strangely unstable.
You feel yourself speed up. The hornet stings you.
You suddenly lose the ability to move!
The giant cockroach bites you. The hornet barely misses you.
The giant cockroach bites you.
* * * LOW HITPOINT WARNING * * *
You can move again.
You are confused.
You feel invigorated. The hornet stings you!
* * * LOW HITPOINT WARNING * * *
You shrug off the repeated paralysis!
The giant cockroach bites you.
* * * LOW HITPOINT WARNING * * *
The hornet stings you.
You die...
Your body disappears without a glow.

#...#####............
#....## ##...........
#.....# ##..........
#.....## ##.........
#......## ##........
#.......# ##.......
#...##### ##...###
#...## ##### #...@#
#..sy# #.(.c##
##...(# #....# #.....
##....# #....# #.....


You could see a hornet, a centaur and a giant cockroach.

Vanquished Creatures
  Grinder (D:5)
  Sigmund (D:2)
  An ice beast (D:7)
  3 phantoms
  A sky beast (D:7)
  An ogre (D:6)
  A centaur (D:5)
  A bullfrog (D:6)
  2 scorpions
  3 howler monkeys
  A centaur zombie (D:7)
  A centaur skeleton (D:5)
  3 hounds
  5 orc priests
  3 bullfrog skeletons
  An iguana (D:7)
  7 orc wizards
  5 worker ants
  4 gnolls (D:6)
  A worker ant zombie (D:7)
  8 adders
  3 oozes
  An adder skeleton (D:6)
  An adder zombie (D:6)
  2 worms
  2 dart slugs
  3 leopard geckos
  26 orcs
  8 giant cockroaches
  5 hobgoblins
  5 jackals (D:5)
  4 quokkas
  3 ball pythons
  9 bats
  6 frilled lizards
  4 goblins
  A jackal skeleton (D:4)
  6 kobolds
  A leopard gecko skeleton (D:4)
  15 rats
159 creatures vanquished.

Vanquished Creatures (collateral kills)
  The ghost of Xeen the Unseen, a novice SpEn of Dithmenos (D:7)
  2 phantoms (D:7)
  A centaur (D:7)
  2 hounds (D:4)
  An orc priest (D:5)
  2 orc wizards (D:7)
  Jessica (D:3)
  A shadow imp (D:7)
  A worm (D:2)
  5 orcs
17 creatures vanquished.

Grand Total: 176 creatures vanquished

Notes
Turn   | Place    | Note
-------+----------+-------------------------------------------
     0 | D:1      | RedPan the Octopode Wizard began the quest for the Orb.
     0 | D:1      | Reached XP level 1. HP: 11/11 MP: 4/4
   324 | D:1      | Reached XP level 2. HP: 17/17 MP: 3/6
   448 | D:1      | Learned a level 2 spell: Blink
   451 | D:1      | Learned a level 2 spell: Call Imp
   743 | D:1      | Reached XP level 3. HP: 21/21 MP: 4/7
  1131 | D:2      | Learned a level 3 spell: Mephitic Cloud
  1933 | D:2      | Reached XP level 4. HP: 27/27 MP: 3/9
  1935 | D:2      | Noticed Sigmund
  1995 | D:2      | Killed Sigmund
  1995 | D:2      | Reached XP level 5. HP: 23/31 MP: 7/10
  2980 | D:3      | Reached XP level 6. HP: 36/36 MP: 5/11
  3027 | D:3      | Found an iron altar of Okawaru.
  3223 | D:3      | Noticed Jessica
  3306 | D:3      | Killed Jessica
  4131 | D:4      | Found a sparkling altar of Nemelex Xobeh.
  4149 | D:4      | Became a worshipper of Nemelex Xobeh the Trickster
  4799 | D:4      | Reached skill level 1 in Poison Magic
  4862 | D:4      | Reached skill level 1 in Air Magic
  5080 | D:4      | Reached XP level 7. HP: 42/42 MP: 6/13
  5250 | D:4      | Reached skill level 1 in Fighting
  5366 | D:4      | Received a gift from Nemelex Xobeh
  5628 | D:4      | Learned a level 3 spell: Conjure Flame
  5671 | D:4      | Found Gulir's Book Shop.
  5749 | D:4      | Found a snail-covered altar of Cheibriados.
  5771 | D:4      | Found a shimmering altar of Xom.
  5834 | D:4      | Reached skill level 1 in Fire Magic
  6506 | D:5      | Entered Level 5 of the Dungeon
  6812 | D:5      | Reached XP level 8. HP: 35/49 MP: 10/14
  6964 | D:5      | Reached skill level 1 in Shields
  7140 | D:5      | Reached * piety under Nemelex Xobeh
  8018 | D:6      | Received a gift from Nemelex Xobeh
  8640 | D:6      | Noticed Grinder
  8812 | D:5      | Killed Grinder
  8812 | D:5      | Reached skill level 5 in Spellcasting
  8881 | D:6      | Found a shadowy altar of Dithmenos.
  8906 | D:6      | Found a staircase to the Ecumenical Temple.
  8947 | D:6      | Received a gift from Nemelex Xobeh
  8959 | Temple   | Entered the Ecumenical Temple
  9631 | D:6      | Reached XP level 9. HP: 48/57 MP: 0/17
  9866 | D:6      | Found a deep blue altar of Sif Muna.
 10175 | D:7      | Reached ** piety under Nemelex Xobeh
 10192 | D:7      | Reached skill level 5 in Shields
 10353 | D:7      | Found a burning altar of Makhleb.
 10566 | D:7      | Noticed Xeen's ghost (novice SpEn)
 10572 | D:7      | Found a white marble altar of Elyvilon.
 11771 | D:7      | Killed Xeen's ghost
 12353 | D:8      | Noticed Gastronok
 12713 | D:8      | Received a gift from Nemelex Xobeh
 12746 | D:8      | Noticed a hornet
 12756 | D:8      | Paralysed by a hornet for 1 turns
 12757 | D:8      | Slain by a hornet

Vault maps used:
D:1:      eino_arrival_cavern_b
D:2:      uniq_sigmund
D:3:      first_ration, corexii_shack, okawaru_ov_weapons_minmay, uniq_jessica
D:4:      gammafunk_temple_overflow_statue, serial_shops, shop_fountains,
          nemelex_dance_club_becter
D:5:      minmay_liquid_box
D:6:      lemuel_coloured_pillars_altar, minmay_temple_entry_junction,
          nicolae_dithmenos_the_darkroom, uniq_grinder
D:7:      nicolae_overflow_crystal_walls, elyvilon_altar_3
D:8:      uniq_psyche, uniq_gastronok
Temple:   minmay_temple_bridge_abc

Skill      XL: |  1  2  3  4  5  6  7  8  9 |
---------------+----------------------------+-----
Stealth        | 3 4 |  4.4
Conjurations   | 2 3 4 |  4.1
Dodging        | 3 4 |  4.0
Spellcasting   | 4 5 6 |  6.1
Poison Magic   | 1 2 |  2.3
Air Magic      | 1 2 4 |  4.2
Fighting       | 1 3 |  3.3
Fire Magic     | 1 2 |  2.1
Shields        | 4 6 |  6.4
Summonings     | 2 |  2.1
Translocations | 2 |  2.1

Action                   |  1- 3 |  4- 6 |  7- 9 || total
-------------------------+-------+-------+-------++-------
Melee: Tentacles         |     1 |     3 |    17 ||    21
       Unarmed           |     1 |       |       ||     1
       Dagger            |       |     3 |    44 ||    47
       Constrict         |       |     3 |    12 ||    15
       Staff             |       |     8 |    68 ||    76
 Cast: Magic Dart        |    85 |   125 |   378 ||   588
       Call Imp          |     5 |     7 |    67 ||    79
       Conjure Flame     |       |       |    13 ||    13
       Mephitic Cloud    |       |       |     6 ||     6
Evoke: Deck              |       |       |     5 ||     5
       Wand              |       |       |     2 ||     2
  Use: Scroll            |       |     5 |    14 ||    19
       Potion            |       |       |     5 ||     5
 Stab: Sleeping          |       |     1 |       ||     1
       Confused          |       |       |     5 ||     5
       Paralysed         |       |       |     1 ||     1
       Distracted        |       |       |     3 ||     3
  Eat: Chunk             |     3 |     6 |    14 ||    23
       Ration            |       |     1 |     4 ||     5
Armor: Skin              |     3 |     4 |    20 ||    27
Dodge: Dodged            |    10 |    17 |   109 ||   136
Block: Shield            |       |       |    40 ||    40

Table legend:
 A = Spawn XP
 B = Non-spawn XP
 C = Spawn XP percentage of total XP
 D = Spawn monster count
 E = Non-spawn monster count
 F = Spawn count percentage of total count
 G = Total turns spent on level
                    A         B        C        D         E        F      G
               +---------+---------+-------+---------+---------+-------+---------
         Total |       0 |    3897 |   0.0 |       0 |     176 |   0.0 | 12757
               +---------+---------+-------+---------+---------+-------+---------
           D:1 |       0 |      36 |   0.0 |       0 |      21 |   0.0 |  1059
           D:2 |       0 |     265 |   0.0 |       0 |      24 |   0.0 |  1459
           D:3 |       0 |      54 |   0.0 |       0 |      20 |   0.0 |  1246
           D:4 |       0 |     694 |   0.0 |       0 |      33 |   0.0 |  2744
           D:5 |       0 |     797 |   0.0 |       0 |      24 |   0.0 |  1527
           D:6 |       0 |     513 |   0.0 |       0 |      16 |   0.0 |  2144
           D:7 |       0 |    1448 |   0.0 |       0 |      36 |   0.0 |  2352
           D:8 |       0 |      90 |   0.0 |       0 |       2 |   0.0 |    94
               +---------+---------+-------+---------+---------+-------+---------
